 Dungeon Sprint DCSS version 0.28-a0-1190-g77e1c55843 (webtiles) character file.

Game seed: 17876141905870238385

1710 rocky1 the Grappler (level 8, -22/83 (87) HPs)
             Began as a Troll Monk on Dec 19, 2021.
             Was a High Priest of Okawaru.
             Annihilated by Duvessa (23 damage)
             ... in the Dungeon (Sprint VII: "The Pits").
             The game lasted 00:04:06 (1308 turns).

rocky1 the Grappler (Troll Monk)                    Turns: 1308, Time: 00:04:07

HP:   -22/83 (87)   AC:  4    Str: 22    XL:     8   Next: 74%
MP:   12/12         EV: 18    Int:  6    God:    Okawaru [*****.]
Gold: 0             SH:  0    Dex: 12    Spells: 7/7 levels left

rFire   . . .      SeeInvis .     - Unarmed
rCold   . . .      Faith    .   (no shield)
rNeg    . . .      Spirit   .   a - +0 robe
rPois   .          Reflect  .   (helmet restricted)
rElec   .          Harm     .   (no cloak)
rCorr   .          Rampage  .   (gloves unavailable)
Will    .....      NoTele   +   (boots unavailable)
Stlth   +++.......              (no amulet)
HPRegen 1.03/turn               k - +3 ring of evasion
MPRegen 0.13/turn               j - +3 ring of evasion

@: lightly drained
A: large, unfitting armour, claws 3, regeneration 1, shaggy fur 1, tough skin 1
a: Renounce Religion, Heroism, Finesse


You were in the Dungeon.
You worshipped Okawaru.
Okawaru was extremely pleased with you.
You visited 1 branch

Inventory:

Armour
 a - a +0 robe (worn)
Jewellery
 j - a +3 ring of evasion (right claw)
 k - a +3 ring of evasion (left claw)
Scrolls
 g - a scroll of blinking
 i - 5 scrolls of amnesia
Potions
 b - 6 potions of curing
 c - 14 potions of heal wounds
 d - 3 potions of haste
 e - 4 potions of magic
 f - 3 potions of berserk rage
 h - 2 potions of invisibility


   Skills:
 + Level 7.3 Fighting
 + Level 6.5 Armour
 + Level 7.1 Dodging
 + Level 5.2 Stealth
 + Level 8.8 Unarmed Combat
 + Level 7.2 Invocations


You had 7 spell levels left.
You didn't know any spells.
Your spell library was empty.

Dungeon Overview and Level Annotations

Branches:
Dungeon (1/1)

Altars:
Ashenzari
Cheibriados
Dithmenos
Elyvilon
Fedhas
Gozag
Hepliaklqana
Kikubaaqudgha
Makhleb
Nemelex Xobeh
Okawaru
Qazlal
Ru
Sif Muna
Trog
Uskayaw
Vehumet
Wu Jian
Xom
Yredelemnul
Zin
The Shining One
Beogh
Jiyva
Lugonu

Annotations:
D Duvessa


Innate Abilities, Weirdness & Mutations

You are too large for most types of armour.
You have claws for hands.
Your natural rate of healing is unusually fast.
You are covered in fur. (AC +1)
You have tough skin. (AC +1)


Message History

The tyrant leech is heavily wounded.
The tyrant leech bites you!
The tyrant leech draws strength from your injuries!
You barely miss the tyrant leech.
The tyrant leech is moderately wounded.
You mangle the tyrant leech!!
The tyrant leech is severely wounded.
The tyrant leech closely misses you.
You closely miss the tyrant leech.
The tyrant leech is severely wounded.
Duvessa goes berserk!
The tyrant leech barely misses you.
You scratch the tyrant leech.
The tyrant leech is severely wounded.
You closely miss the tyrant leech.
The tyrant leech is severely wounded.
The tyrant leech bites you!
The tyrant leech draws strength from your injuries!
You mangle the tyrant leech!!
The tyrant leech is severely wounded.
You claw the tyrant leech!
The tyrant leech is almost dead.
The tyrant leech bites you!
* * * LOW HITPOINT WARNING * * *
The tyrant leech draws strength from your injuries!
You barely miss the tyrant leech.
The tyrant leech is almost dead.
The tyrant leech barely misses you.
You closely miss the tyrant leech. You claw the tyrant leech!
You kill the tyrant leech!
Okawaru is honoured by your kill.
Okawaru will now gift you equipment as you gain piety.
Okawaru grants you a weapon! Something appears at your feet!
You see here a +2 glaive of protection.
You scratch Duvessa but do no damage.
Duvessa hits you with a +2 rapier of draining!!
* * * LOW HITPOINT WARNING * * *
You feel drained.
* * * LOW HITPOINT WARNING * * *
Duvessa hits you with a +2 rapier of draining!!
You die...

############ #_________.#
#_________.#
#_______...###########++####
##########'##...............
#.?(.')))'.##......#..#.....
##########.##...............
#..........@e...............
#'#####'#####......#..#.....
#.#...#.#..##...............
#.#...#.#))#####'#####''####
#.#...).#))##.......##''#
#.##'####))##.......##..e.
#.#.....#[[##.......##...e#
#.#.....#'###...<...##...##
#.#........##.......##..##


You could see Duvessa (berserk).

Vanquished Creatures
  2 unseen horrors (D)
  A cane toad (D)
  A tyrant leech (D)
  A floating eye (D)
  A necrophage (D)
  A bullfrog (D)
  3 scorpions (D)
  Dowan (D)
  A quasit (D)
  An iron imp (D)
  A hound (D)
  2 jellies (D)
  An iguana (D)
  A gnoll (D)
  An adder (D)
  A river rat (D)
  An ufetubus (D)
  An adder zombie (D)
  A bat (D)
  An endoplasm (D)
  2 giant cockroaches (D)
26 creatures vanquished.

Notes
Turn   | Place    | Note
-------+----------+-------------------------------------------
     0 | D        | rocky1 the Troll Monk began the quest for the Orb.
     0 | D        | Reached XP level 1. HP: 22/22 MP: 0/0
    18 | D        | Found a bloodstained altar of Trog.
    18 | D        | Found a shimmering blue altar of Sif Muna.
    18 | D        | Found a viscous altar of Jiyva.
    18 | D        | Found a hazy altar of Hepliaklqana.
    18 | D        | Found an opulent altar of Gozag.
    19 | D        | Found a glowing golden altar of the Shining One.
    19 | D        | Found a glowing silver altar of Zin.
    19 | D        | Found a basalt altar of Yredelemnul.
    19 | D        | Found a shimmering altar of Xom.
    19 | D        | Found an ornate altar of the Wu Jian Council.
    19 | D        | Found a sacrificial altar of Ru.
    19 | D        | Found a stormy altar of Qazlal.
    19 | D        | Found an iron altar of Okawaru.
    19 | D        | Found a sparkling altar of Nemelex Xobeh.
    19 | D        | Found a burning altar of Makhleb.
    19 | D        | Found a blossoming altar of Fedhas.
    19 | D        | Found a white marble altar of Elyvilon.
    19 | D        | Found a shadowy altar of Dithmenos.
    19 | D        | Found a snail-covered altar of Cheibriados.
    22 | D        | Found a corrupted altar of Lugonu.
    22 | D        | Found a radiant altar of Vehumet.
    23 | D        | Found an ancient bone altar of Kikubaaqudgha.
    23 | D        | Found a hide-covered altar of Uskayaw.
    23 | D        | Found a broken altar of Ashenzari.
    27 | D        | Became a worshipper of Warmaster Okawaru
    27 | D        | Reached * piety under Okawaru
    27 | D        | Reached ** piety under Okawaru
    73 | D        | Reached skill level 1 in Armour
    73 | D        | Reached skill level 1 in Invocations
    73 | D        | Reached XP level 2. HP: 31/31 MP: 1/1
    77 | D        | Noticed a scorpion
    77 | D        | Noticed a floating eye
   101 | D        | Killed a scorpion
   102 | D        | Reached skill level 4 in Unarmed Combat
   102 | D        | Reached XP level 3. HP: 26/39 MP: 1/3
   102 | D        | Reached XP level 4. HP: 32/48 MP: 1/4
   116 | D        | Killed a floating eye
   117 | D        | Reached skill level 5 in Unarmed Combat
   117 | D        | Reached XP level 5. HP: 53/55 MP: 2/6
   210 | D        | Noticed a necrophage
   236 | D        | Killed a necrophage
   236 | D        | Reached *** piety under Okawaru
   237 | D        | Reached skill level 5 in Fighting
   237 | D        | Reached skill level 5 in Dodging
   237 | D        | Reached skill level 6 in Unarmed Combat
   237 | D        | Reached XP level 6. HP: 62/66 MP: 6/8
   498 | D        | Reached skill level 5 in Invocations
   499 | D        | Noticed a cane toad
   507 | D        | Killed a cane toad
   507 | D        | Reached **** piety under Okawaru
   508 | D        | Reached skill level 5 in Armour
   508 | D        | Reached skill level 7 in Unarmed Combat
   508 | D        | Reached XP level 7. HP: 24/75 MP: 8/10
   856 | D        | Killed an unseen horror
   857 | D        | Reached skill level 8 in Unarmed Combat
   857 | D        | Reached XP level 8. HP: 41/84 MP: 11/11
   863 | D        | Killed an unseen horror
   864 | D        | Reached skill level 5 in Stealth
   867 | D        | Reached ***** piety under Okawaru
  1277 | D        | Noticed Duvessa
  1277 | D        | Noticed Dowan
  1277 | D        | Noticed a tyrant leech
  1293 | D        | Killed Dowan
  1307 | D        | Killed a tyrant leech
  1307 | D        | Received a gift from Okawaru
  1308 | D        | HP: 2/87 [Duvessa (22)]
  1308 | D        | Annihilated by Duvessa

Illustrated notes

Levels and vault maps discovered:
D:        pitsprint [storerooms_1, entrance_room_1, metal_vault_6, armoury_1,
          mini_pit_1, grid_room_1, main_hall_1, silver_pit, the_coven_2,
          the_vestibule_1, steel_vault_5, golden_pit, hallway_of_sentries,
          crystal_vault_1, iron_vault_3, final_vault]

Skill      XL: |  1  2  3  4  5  6  7  8 |
---------------+-------------------------+-----
Fighting       | 3 4 5 6 7 |  7.3
Armour         | 1 2 3 4 5 6 |  6.5
Dodging        | 3 4 5 6 7 |  7.1
Invocations    | 1 2 3 4 6 7 |  7.2
Stealth        | 2 3 4 5 |  5.2
Unarmed Combat | 4 5 6 7 8 |  8.8

Action                   |  1- 3 |  4- 6 |  7- 9 || total
-------------------------+-------+-------+-------++-------
Melee: Unarmed           |    20 |    35 |    54 ||   109
       Punch             |     1 |     1 |     4 ||     6
  Use: Potion            |       |     2 |     1 ||     3
 Stab: Sleeping          |       |     1 |     1 ||     2
Armor: Robe              |     6 |    12 |    10 ||    28
Dodge: Dodged            |    13 |    29 |    13 ||    55

Table legend: (Time is in decaauts)
 A = Elapsed time spent in this place.
 B = Non-inter-level travel time spent in this place.
 C = Inter-level travel time spent in this place.
 D = Time resting spent in this place.
 E = Time spent auto-exploring this place.
 F = Levels seen in this place.
 G = Mean time per level.
                   A        B        C        D        E       F      G
               +--------+--------+--------+--------+--------+-----+--------+
         Total |   1293 |   1237 |     56 |    896 |      0 |   1 | 1293.0 |
       Dungeon |   1293 |   1237 |     56 |    896 |      0 |   1 | 1293.0 |
               +--------+--------+--------+--------+--------+-----+--------+

Top non-repeatable levels by time:
       D: 1293 daAuts
